[Event "Titled Tuesday Blitz June 13 Late 2023"]
[White "Zherebtsova, Alexandra"]
[Black "Fuentes Godoy, Lilia Ivonne"]
[WhiteFideId "24129518"]
[BlackFideId "5104130"]
[WhiteElo "2055"]
[BlackElo "2024"]
[Result "1-0"]
[Round "10"]
[TimeControl "180+2"]
[Date "2023.06.13"]
[WhiteClock "0:00:20"]
[BlackClock "0:00:00"]
[Board "107"]

1. d4 d5 2. Nf3 e6 3. c4 f5 4. g3 Nf6 5. Bg2 Bd6 6. O-O c6 7. Qc2 O-O 8. Nc3 Ne4 9. Rb1 b6 10. b4 Bb7 11. c5 Bc7 12. Bf4 Nd7 13. a4 Bxf4 14. gxf4 Qc7 15. e3 a5 16. cxb6 Nxb6 17. Nxe4 fxe4 18. Ne5 axb4 19. Rxb4 Ba6 20. Rfb1 Nc4 21. Nxc4 Bxc4 22. Bf1 Bxf1 23. Kxf1 g5 24. Rb7 Qd6 25. R1b6 Rfc8 26. fxg5 Qxh2 27. Rxc6 Qh1+ 28. Ke2 Qf3+ 29. Ke1 Qh1+ 30. Kd2 Rf8 31. Kc3 Qe1+ 32. Qd2 Qxd2+ 33. Kxd2 Rxf2+ 34. Kc3 Re2 35. Rcc7 Rxe3+ 36. Kb4 Rd3 37. Rg7+ Kh8 38. Rxh7+ Kg8 39. Rbg7+ Kf8 40. Rf7+ Kg8 41. Rfg7+ Kf8 42. Re7 Rxd4+ 43. Kc5 Rc4+ 44. Kd6 Rd8+ 45. Ke5 e3 46. Rhf7+ Kg8 47. g6 1-0


[Site "https://www.chess.com"]

[Event "Titled Tuesday Blitz June 13 Late 2023"]
[White "Maluco_do_Natal_00"]
[Black "Sairam, Pranav"]
[BlackFideId "30951330"]
[WhiteElo "2105"]
[BlackElo "1918"]
[Result "1-0"]
[Round "10"]
[TimeControl "180+2"]
[Date "2023.06.13"]
[WhiteClock "0:00:03"]
[BlackClock "0:00:25"]
[Board "108"]

1. e4 e5 2. Nf3 Nf6 3. Nxe5 d6 4. Nf3 Nxe4 5. Nc3 Nxc3 6. dxc3 Be7 7. Bd3 O-O 8. Be3 Nd7 9. Qd2 c6 10. O-O-O d5 11. h4 Nc5 12. Bxc5 Bxc5 13. Ng5 h6 14. Kb1 a5 15. Nf3 Qf6 16. Nd4 Bd6 17. g3 a4 18. f4 a3 19. b3 Bc7 20. Rde1 c5 21. Nf3 Ba5 22. Ne5 d4 23. Qg2 Bxc3 24. Qe4 g6 25. g4 Bxe1 26. Rxe1 Qxh4 27. Nxg6 Qf6 28. Ne7+ 1-0


[Site "https://www.chess.com"]

[Event "Titled Tuesday Blitz June 13 Late 2023"]
[White "Fajdetic, Hrvoje"]
[Black "zano2023"]
[WhiteFideId "14501945"]
[WhiteElo "2185"]
[BlackElo "2112"]
[Result "1-0"]
[Round "10"]
[TimeControl "180+2"]
[Date "2023.06.13"]
[WhiteClock "0:00:07"]
[BlackClock "0:00:13"]
[Board "109"]

1. f4 e5 2. fxe5 d6 3. exd6 Bxd6 4. Nf3 g5 5. g3 g4 6. Nh4 Ne7 7. d4 Ng6 8. Ng2 h5 9. Be3 h4 10. gxh4 Nxh4 11. Qd3 Bf5 12. Qb5+ Nc6 13. Nc3 Qd7 14. O-O-O O-O-O 15. Nxh4 Rxh4 16. Bg5 a6 17. Qa4 Rxh2 18. Rxh2 Bxh2 19. Bxd8 Bf4+ 20. Kb1 Qxd8 21. d5 Qg5 22. dxc6 bxc6 23. Qxc6 Kb8 24. e4 Bc8 25. Bxa6 Bxa6 26. Qxa6 Bd6 27. Nb5 Qc5 28. a4 g3 29. Rd5 g2 30. Rxc5 g1=Q+ 31. Ka2 Qxc5 32. c3 Qb6 33. Qxb6+ cxb6 34. Nxd6 1-0


[Site "https://www.chess.com"]

[Event "Titled Tuesday Blitz June 13 Late 2023"]
[White "Osmonbekov, Talaibek"]
[Black "Prieto Aranguren, Alain"]
[WhiteFideId "2017253"]
[BlackFideId "2268906"]
[WhiteElo "2135"]
[BlackElo "2209"]
[Result "1-0"]
[Round "10"]
[TimeControl "180+2"]
[Date "2023.06.13"]
[WhiteClock "0:00:54"]
[BlackClock "0:00:52"]
[Board "110"]

1. d4 d6 2. Bf4 g6 3. h4 Bg7 4. c3 c5 5. dxc5 dxc5 6. Qxd8+ Kxd8 7. h5 Nc6 8. Na3 Be6 9. O-O-O+ Kc8 10. Kb1 Be5 11. Be3 b6 12. Nf3 Bg7 13. Ng5 Bf5+ 14. Ka1 Nh6 15. g3 Ng4 16. Nxf7 Rf8 17. hxg6 Bxg6 18. Bg2 Kc7 19. Nb5+ Kb7 20. Rd7+ Ka6 21. Nc7+ Ka5 22. Nxa8 Nxe3 23. fxe3 Nb8 24. Rxa7+ Kb5 25. Ng5 Rf2 26. Bf3 Be5 27. Nh3 Bxg3 28. Nxf2 Bxf2 29. b3 c4 30. b4 Bc2 31. Nc7# 1-0


[Site "https://www.chess.com"]

[Event "Titled Tuesday Blitz June 13 Late 2023"]
[White "Sanchez, Robert"]
[Black "rionelG"]
[WhiteFideId "2034360"]
[WhiteElo "1977"]
[BlackElo "2223"]
[Result "0-1"]
[Round "10"]
[TimeControl "180+2"]
[Date "2023.06.13"]
[WhiteClock "0:00:06"]
[BlackClock "0:00:07"]
[Board "111"]

1. e4 c5 2. Nf3 d6 3. d4 cxd4 4. Nxd4 Nf6 5. Nc3 a6 6. Be3 e5 7. Nb3 Be7 8. f3 Be6 9. Qd2 O-O 10. O-O-O a5 11. g4 a4 12. Na1 a3 13. b3 Ra5 14. g5 Nh5 15. Nd5 Bxd5 16. exd5 Nd7 17. Kb1 Nf4 18. c4 Bxg5 19. Rg1 Bh6 20. Bd3 Ra8 21. Nc2 b6 22. Nb4 Nc5 23. Bc2 b5 24. Nc6 Qb6 25. b4 bxc4 26. Ka1 Qb5 27. Bxh7+ Kxh7 28. bxc5 c3 29. Qc2+ g6 30. Bxf4 Qb2+ 31. Qxb2 cxb2+ 32. Kb1 Bxf4 33. cxd6 Be3 34. Rge1 Bb6 35. Rxe5 Bc5 36. d7 Kg7 37. d8=Q Raxd8 38. Nxd8 Rxd8 39. d6 Rxd6 40. Rxd6 Bxd6 41. Re2 Kf6 42. Kc2 Kf5 43. Rd2 Be5 44. Rd7 f6 45. Ra7 Bd6 46. Ra4 g5 47. h3 Kg6 48. Rd4 Bc5 49. Rc4 Be7 50. Rc7 Bd6 51. Rd7 Be5 52. Ra7 Bd6 53. Ra6 Be7 54. Re6 Kf7 55. Re3 f5 56. Re5 Kf6 57. Ra5 Bd6 58. Ra6 Ke5 59. Rb6 Be7 60. Kd3 Kf4 61. Kc2 Kxf3 62. Re6 Bb4 63. Re5 Kf4 64. Rb5 Bd6 65. Rd5 Be7 66. Rd7 Bf6 67. Rd3 Be7 68. Rd7 Bc5 69. Rc7 Bd6 70. Rc6 Ke5 71. Rc4 f4 72. Ra4 f3 73. Ra5+ Kf4 0-1


[Site "https://www.chess.com"]

[Event "Titled Tuesday Blitz June 13 Late 2023"]
[White "Howell, David W L"]
[Black "Cluke86"]
[WhiteFideId "410608"]
[WhiteElo "2567"]
[BlackElo "2212"]
[Result "1-0"]
[Round "10"]
[TimeControl "180+2"]
[Date "2023.06.13"]
[WhiteClock "0:01:16"]
[BlackClock "0:00:20"]
[Board "112"]

1. e4 d6 2. Nc3 Nf6 3. f4 d5 4. e5 d4 5. Nce2 Nd5 6. Nxd4 Nxf4 7. Ngf3 Bg4 8. d3 Ng6 9. e6 Qxd4 10. Nxd4 Bxd1 11. Kxd1 Na6 12. Be3 c5 13. exf7+ Kxf7 14. Nb3 e5 15. g3 Rd8 16. Nd2 Nb4 17. Bg2 Nd5 18. Rf1+ Kg8 19. Bg1 Be7 20. a4 Bg5 21. Bxc5 b6 22. Bg1 Ne3+ 23. Bxe3 Bxe3 24. Nc4 Bd4 25. Be4 Rf8 26. Bd5+ 1-0


[Site "https://www.chess.com"]

[Event "Titled Tuesday Blitz June 13 Late 2023"]
[White "Ziatdinov, Raset"]
[Black "campochess"]
[WhiteFideId "2015323"]
[WhiteElo "2220"]
[BlackElo "2207"]
[Result "1/2-1/2"]
[Round "10"]
[TimeControl "180+2"]
[Date "2023.06.13"]
[WhiteClock "0:00:24"]
[BlackClock "0:00:42"]
[Board "113"]

1. e4 c5 2. Nf3 Nc6 3. d4 cxd4 4. Nxd4 e5 5. Nb5 a6 6. N5a3 Bc5 7. Nc3 Qh4 8. g3 Qf6 9. f4 Nge7 10. f5 d5 11. exd5 Qxf5 12. Qd2 Nd4 13. Bg2 Bxa3 14. Be4 Nf3+ 15. Bxf3 Qxf3 16. Rf1 Qh5 17. bxa3 O-O 18. Bb2 Nf5 19. Ne4 Nd4 20. Bxd4 exd4 21. Qxd4 Qxh2 22. O-O-O Bg4 23. Rd2 Qh6 24. Kb1 b5 25. Rdf2 Rac8 26. Nf6+ gxf6 27. Qxg4+ Kh8 28. Rxf6 Qd2 29. Qf5 Rfe8 30. Rxf7 Re1+ 31. Rxe1 Qxe1+ 32. Kb2 Qc3+ 33. Kc1 Qe1+ 34. Kb2 Qc3+ 35. Kc1 Qe1+ 36. Kb2 1/2-1/2


[Site "https://www.chess.com"]

[Event "Titled Tuesday Blitz June 13 Late 2023"]
[White "deloewre"]
[Black "Kostiukov, Alexandr"]
[BlackFideId "14108100"]
[WhiteElo "2128"]
[BlackElo "2202"]
[Result "1-0"]
[Round "10"]
[TimeControl "180+2"]
[Date "2023.06.13"]
[WhiteClock "0:00:14"]
[BlackClock "0:00:00"]
[Board "114"]

1. c4 c5 2. Nf3 Nf6 3. Nc3 g6 4. d4 cxd4 5. Nxd4 Bg7 6. e4 Nc6 7. Nc2 O-O 8. Be2 d6 9. O-O Nd7 10. Bd2 Nc5 11. f3 f5 12. exf5 Bxf5 13. Be3 Ne5 14. Nd4 Bd7 15. f4 Nc6 16. Qd2 Nxd4 17. Bxd4 Bc6 18. Bxg7 Kxg7 19. Bf3 a5 20. Bd5 e6 21. Bxc6 bxc6 22. Rad1 Nb7 23. Qd4+ Kg8 24. Ne4 d5 25. Ng5 Qd7 26. Rfe1 Rae8 27. Qe5 Nc5 28. cxd5 exd5 29. Qd4 Ne6 30. Nxe6 Rxe6 31. g3 Rfe8 32. Re5 Rxe5 33. fxe5 Qf5 34. Re1 Re6 35. Qa7 Re8 36. Qb7 Rf8 37. Ra1 1-0


[Site "https://www.chess.com"]

[Event "Titled Tuesday Blitz June 13 Late 2023"]
[White "Burke, Paul"]
[Black "Quirke, Jeffrey"]
[WhiteFideId "2605767"]
[BlackFideId "2013029"]
[WhiteElo "1955"]
[BlackElo "2217"]
[Result "0-1"]
[Round "10"]
[TimeControl "180+2"]
[Date "2023.06.13"]
[WhiteClock "0:00:39"]
[BlackClock "0:01:16"]
[Board "115"]

1. e4 Nf6 2. Bc4 d5 3. exd5 Nxd5 4. Nf3 c6 5. O-O Bg4 6. Be2 e6 7. d4 Be7 8. c4 Nf6 9. Nc3 Nbd7 10. Be3 O-O 11. h3 Bh5 12. Ne5 Bxe2 13. Nxe2 Nxe5 14. dxe5 Nd7 15. f4 Bc5 16. Bxc5 Nxc5 17. Qxd8 Raxd8 18. Rfd1 a5 19. Nc3 Rd3 20. Kf2 Rfd8 21. Ke2 Rxd1 22. Rxd1 Rxd1 23. Nxd1 f6 24. exf6 gxf6 25. b3 Kf7 26. Nc3 h5 27. Ke3 f5 28. g3 Kf6 29. Kd4 b6 30. Ke3 e5 31. fxe5+ Kxe5 32. Ne2 Ne4 33. Kf3 Nf6 34. Nf4 Kd4 35. Ne6+ Kc3 36. Nd8 c5 37. Nf7 Kb2 38. Nd6 Kxa2 39. Nxf5 Kxb3 40. Ne3 a4 41. g4 hxg4+ 42. hxg4 a3 0-1


[Site "https://www.chess.com"]

[Event "Titled Tuesday Blitz June 13 Late 2023"]
[White "Powell, Paul"]
[Black "Garmendiarov"]
[WhiteFideId "2005840"]
[WhiteElo "2162"]
[BlackElo "2317"]
[Result "0-1"]
[Round "10"]
[TimeControl "180+2"]
[Date "2023.06.13"]
[WhiteClock "0:00:00"]
[BlackClock "0:00:55"]
[Board "116"]

1. d4 Nf6 2. Nf3 d6 3. Bf4 g6 4. e3 Bg7 5. Be2 Nh5 6. Bg5 h6 7. Bh4 g5 8. Nfd2 Nf6 9. Bg3 Nc6 10. c4 e5 11. d5 Ne7 12. Nc3 h5 13. h3 h4 14. Bh2 Ng6 15. Qc2 Bd7 16. Nde4 Nxe4 17. Nxe4 f5 18. Nc3 e4 19. Rc1 O-O 20. O-O Be5 21. b4 Qf6 22. c5 Kh8 23. Bh5 Rg8 24. Ne2 Bxh2+ 25. Kxh2 Ne5 26. Nd4 Nd3 27. Be2 Nxc1 28. Rxc1 Qe5+ 29. Kh1 Rac8 30. Bc4 f4 31. Qe2 g4 32. Rf1 f3 33. Qc2 fxg2+ 34. Kxg2 gxh3+ 35. Kh1 Qg5 36. Qxe4 Qg2+ 37. Qxg2 hxg2+ 38. Kg1 gxf1=Q+ 39. Kxf1 h3 0-1


[Site "https://www.chess.com"]

[Event "Titled Tuesday Blitz June 13 Late 2023"]
[White "Vargas, Mauricio"]
[Black "Celestino, Rafael Teixeira"]
[WhiteFideId "4404572"]
[BlackFideId "2108925"]
[WhiteElo "1986"]
[BlackElo "2245"]
[Result "0-1"]
[Round "10"]
[TimeControl "180+2"]
[Date "2023.06.13"]
[WhiteClock "0:00:02"]
[BlackClock "0:00:10"]
[Board "117"]

1. e4 e5 2. g3 d5 3. exd5 Nf6 4. Bg2 Bc5 5. c4 O-O 6. Nc3 c6 7. dxc6 Nxc6 8. d3 Bg4 9. Qd2 Nb4 10. Bf1 e4 11. Nxe4 Nxe4 12. dxe4 Re8 13. f3 Qxd2+ 14. Kxd2 Rad8+ 15. Kc3 Rd1 16. Be2 Re1 17. fxg4 Rd8 18. a3 Nc6 19. b4 Bd4+ 20. Kb3 Bxa1 21. Bg5 f6 22. Bf4 Nd4+ 23. Ka2 Nxe2 24. Nxe2 Rxh1 25. Bc7 Rd2+ 26. Kb3 Rxe2 27. Bf4 Bd4 28. g5 a6 29. gxf6 b5 30. fxg7 Rb1# 0-1


[Site "https://www.chess.com"]

[Event "Titled Tuesday Blitz June 13 Late 2023"]
[White "Paravyan, David"]
[Black "Duda, Jan-Krzysztof"]
[WhiteFideId "4194985"]
[BlackFideId "1170546"]
[WhiteElo "2563"]
[BlackElo "2783"]
[Result "1/2-1/2"]
[Round "11"]
[TimeControl "180+2"]
[Date "2023.06.13"]
[WhiteClock "0:00:04"]
[BlackClock "0:00:02"]
[Board "1"]

1. e4 e5 2. Nf3 Nc6 3. Bb5 Nf6 4. O-O Nxe4 5. Re1 Nd6 6. Nxe5 Be7 7. Bf1 Nxe5 8. Rxe5 O-O 9. d4 Bf6 10. Re1 Re8 11. c3 Rxe1 12. Qxe1 Ne8 13. Bf4 d5 14. Nd2 c6 15. Qe2 g6 16. a4 a5 17. Re1 Ng7 18. h3 Bf5 19. Qd1 Qb6 20. g4 Bd7 21. Qb3 Qxb3 22. Nxb3 Ne6 23. Bd6 Bg5 24. Kg2 h5 25. gxh5 gxh5 26. Bd3 Kg7 27. Nc5 Nxc5 28. dxc5 h4 29. f4 Bf6 30. Kf3 Kh6 31. f5 Rg8 32. Bf4+ Kh7 33. Bh2 Rg5 34. Rg1 Rxg1 35. Bxg1 Bg5 36. Kg4 Bc1 37. b4 Bd2 38. bxa5 Bxc3 39. a6 bxa6 40. Bxa6 Kg7 41. Bd3 Kf6 42. Bf2 Ke5 43. Bxh4 Kd4 44. Bc2 Kxc5 45. Be7+ Kc4 46. Kf3 c5 47. h4 Bh8 48. h5 d4 49. Ke2 Kc3 50. Be4 c4 51. h6 d3+ 52. Ke3 Bd4+ 53. Kf4 d2 54. Bf3 Bxa4 55. h7 Bh8 56. Kg5 Kd3 57. Bf6 Ke3 58. Bxh8 Kxf3 59. Bc3 d1=Q 60. h8=Q Qc1+ 61. Kh5 Qh1+ 62. Kg5 Qc1+ 63. Kh5 Qh1+ 64. Kg5 Qxh8 65. Bxh8 Bc6 66. Kf6 Bd5 67. Ke5 Be4 68. Kf6 Bd5 69. Ke5 Be4 70. Kf6 Bd5 1/2-1/2


[Site "https://www.chess.com"]

[Event "Titled Tuesday Blitz June 13 Late 2023"]
[White "Anton Guijarro, David"]
[Black "Dardha, Daniel"]
[WhiteFideId "2285525"]
[BlackFideId "240990"]
[WhiteElo "2618"]
[BlackElo "2572"]
[Result "1-0"]
[Round "11"]
[TimeControl "180+2"]
[Date "2023.06.13"]
[WhiteClock "0:00:23"]
[BlackClock "0:00:00"]
[Board "2"]

1. Nf3 g6 2. e4 Bg7 3. d4 d6 4. c3 Nf6 5. Bd3 O-O 6. O-O Nc6 7. d5 Nb8 8. c4 a5 9. Nc3 c6 10. Re1 Na6 11. h3 e5 12. a3 Nh5 13. b4 Nf4 14. Bf1 c5 15. bxc5 Nxc5 16. Be3 b6 17. Na4 Bd7 18. Nxc5 bxc5 19. Rb1 f5 20. Bxf4 exf4 21. e5 dxe5 22. Nxe5 Ra7 23. d6 Be8 24. Qd5+ Kh8 25. Qxc5 Ra6 26. Rbd1 Bd7 27. Nxd7 Qxd7 28. Re7 Qd8 29. Qd5 Bf6 30. c5 Bxe7 31. dxe7 Qxe7 32. Bxa6 f3 33. Qd4+ Qf6 34. c6 fxg2 35. c7 1-0


[Site "https://www.chess.com"]

[Event "Titled Tuesday Blitz June 13 Late 2023"]
[White "Nihal Sarin"]
[Black "Sviridov, Valery"]
[WhiteFideId "25092340"]
[BlackFideId "4120680"]
[WhiteElo "2689"]
[BlackElo "2457"]
[Result "1-0"]
[Round "11"]
[TimeControl "180+2"]
[Date "2023.06.13"]
[WhiteClock "0:00:04"]
[BlackClock "0:00:00"]
[Board "3"]

1. e4 e5 2. Nf3 Nc6 3. Bb5 Nge7 4. Nc3 g6 5. d4 exd4 6. Nd5 Bg7 7. Bg5 h6 8. Bf6 Bxf6 9. Nxf6+ Kf8 10. O-O Kg7 11. Nd5 d6 12. Bxc6 Nxc6 13. Nxd4 Re8 14. Re1 Be6 15. Nxc6 bxc6 16. Qd4+ f6 17. Nf4 Bf7 18. b3 c5 19. Qc3 a5 20. Rad1 Qe7 21. f3 a4 22. Nd3 axb3 23. axb3 g5 24. Ra1 Bg6 25. b4 cxb4 26. Nxb4 Bf7 27. Nc6 Qd7 28. Nd4 Bg6 29. Rxa8 Rxa8 30. Qxc7 Qxc7 31. Ne6+ Kg8 32. Nxc7 Rc8 33. Nd5 Rxc2 34. Nxf6+ Kg7 35. Ng4 Rd2 36. Ne3 h5 37. Rd1 Rxd1+ 38. Nxd1 Kf6 39. Kf2 Bf7 40. Nc3 Ke5 41. Ke3 h4 42. Nd1 d5 43. Nf2 d4+ 44. Kd3 Ba2 45. Nh3 Bb1+ 46. Kd2 g4 47. fxg4 Bxe4 48. g3 hxg3 49. hxg3 Bf3 50. Nf2 1-0


[Site "https://www.chess.com"]

[Event "Titled Tuesday Blitz June 13 Late 2023"]
[White "Korobov, Anton"]
[Black "Bortnyk, Olexandr"]
[WhiteFideId "14105730"]
[BlackFideId "14120828"]
[WhiteElo "2638"]
[BlackElo "2733"]
[Result "0-1"]
[Round "11"]
[TimeControl "180+2"]
[Date "2023.06.13"]
[WhiteClock "0:00:08"]
[BlackClock "0:01:01"]
[Board "4"]

1. d4 d6 2. Nf3 Nf6 3. c4 g6 4. Nc3 Bg7 5. e4 O-O 6. Be2 Nbd7 7. O-O e5 8. Be3 Qe7 9. Qc2 c6 10. d5 c5 11. Nd2 Ne8 12. Rab1 f5 13. exf5 gxf5 14. f4 e4 15. a3 Bd4 16. Nd1 Qg7 17. b4 a5 18. Nb3 axb4 19. axb4 b6 20. Qd2 Bf6 21. Bf2 Kh8 22. Re1 Ra4 23. bxc5 dxc5 24. d6 Bb7 25. Bf1 Bc6 26. Re3 Rb4 27. Rg3 Qf7 28. Ne3 Qe6 29. Nc2 Ra4 30. Rd1 Ra2 31. Be2 Ba4 32. h3 Qxd6 33. Qxd6 Nxd6 34. Rxd6 Rxc2 35. Bf1 Bh4 36. Nd2 Bxg3 37. Bxg3 Rf6 0-1


[Site "https://www.chess.com"]

[Event "Titled Tuesday Blitz June 13 Late 2023"]
[White "Grigoriants, Sergey"]
[Black "Deac, Bogdan-Daniel"]
[WhiteFideId "4130804"]
[BlackFideId "1226380"]
[WhiteElo "2502"]
[BlackElo "2644"]
[Result "0-1"]
[Round "11"]
[TimeControl "180+2"]
[Date "2023.06.13"]
[WhiteClock "0:00:01"]
[BlackClock "0:00:04"]
[Board "5"]

1. d4 b5 2. e4 Bb7 3. Bd3 a6 4. Nf3 e6 5. O-O c5 6. c3 cxd4 7. cxd4 Nf6 8. Re1 Be7 9. Nc3 d6 10. Bf4 O-O 11. Rc1 Nbd7 12. Bb1 b4 13. Na4 Rc8 14. Qd3 Rxc1 15. Bxc1 g6 16. Qb3 a5 17. a3 Qa8 18. Ng5 Rc8 19. Nxe6 Bxe4 20. Ng5 Bd5 21. Qh3 Bf8 22. Bd2 Qc6 23. b3 h6 24. Nf3 bxa3 25. Bxh6 Bxf3 26. gxf3 Qd5 27. Bxf8 Rxf8 28. Nc3 Qxb3 29. Ne4 Nxe4 30. Bxe4 Nf6 31. Qh4 Nxe4 32. fxe4 a2 33. Qf6 Qc3 0-1


[Site "https://www.chess.com"]

[Event "Titled Tuesday Blitz June 13 Late 2023"]
[White "Sarana, Alexey"]
[Black "Rodrigue-Lemieux, Shawn"]
[WhiteFideId "24133795"]
[BlackFideId "2620049"]
[WhiteElo "2714"]
[BlackElo "2405"]
[Result "0-1"]
[Round "11"]
[TimeControl "180+2"]
[Date "2023.06.13"]
[WhiteClock "0:00:02"]
[BlackClock "0:00:06"]
[Board "6"]

1. c4 c5 2. Nf3 Nf6 3. Nc3 Nc6 4. g3 g6 5. d4 cxd4 6. Nxd4 Bg7 7. Bg2 O-O 8. O-O Ng4 9. e3 Nge5 10. b3 d6 11. Bb2 Bg4 12. f3 Bd7 13. f4 Nxd4 14. exd4 Ng4 15. Qd2 Rb8 16. h3 Nf6 17. g4 a6 18. Rad1 b5 19. c5 Qc7 20. b4 Rfd8 21. Qe3 dxc5 22. dxc5 Bc6 23. g5 Bxg2 24. Kxg2 Nh5 25. Kf3 e5 26. fxe5 Bxe5 27. Kg2 Bg7 28. Ba1 Re8 29. Qf3 Re5 30. h4 Rf5 31. Qe3 Re5 32. Qf3 Rf5 33. Qe3 Nf4+ 34. Kh1 h6 35. Ne4 Bxa1 36. Rxa1 hxg5 37. hxg5 Nd5 38. Qd4 Qc6 39. Kg1 Nf4 40. Rae1 Re8 41. Nf6+ Rxf6 42. Rxe8+ Qxe8 43. Qxf6 Qe3+ 44. Rf2 Qe1+ 45. Rf1 Qg3+ 46. Kh1 Qg2# 0-1


[Site "https://www.chess.com"]

[Event "Titled Tuesday Blitz June 13 Late 2023"]
[White "Ibarra Jerez, Jose Carlos"]
[Black "Andreikin, Dmitry"]
[WhiteFideId "2226332"]
[BlackFideId "4158814"]
[WhiteElo "2631"]
[BlackElo "2736"]
[Result "1-0"]
[Round "11"]
[TimeControl "180+2"]
[Date "2023.06.13"]
[WhiteClock "0:00:40"]
[BlackClock "0:00:54"]
[Board "7"]

1. e4 e5 2. Nf3 Nc6 3. Nc3 Nf6 4. h3 d5 5. exd5 Nxd5 6. Bb5 Nxc3 7. bxc3 Bd6 8. O-O O-O 9. d4 Bd7 10. Re1 Nxd4 11. Nxd4 exd4 12. Bxd7 Qxd7 13. cxd4 Rae8 14. Rxe8 Rxe8 15. Be3 Qc6 16. Qd3 b5 17. d5 Qa6 18. a4 Rb8 19. Bd4 f6 20. g3 Qb7 21. axb5 Qxb5 22. c4 Qb3 23. Qxb3 Rxb3 24. c5 Be5 25. Bxe5 fxe5 26. Rxa7 Rd3 27. Rxc7 Rxd5 28. Kf1 Rd2 29. Re7 Rc2 30. Rxe5 Kf7 31. Kg2 Kf6 32. Rd5 g5 33. Rd6+ Kf5 34. Rh6 Rxc5 35. Rxh7 Rc4 36. Rf7+ Kg6 37. Rf3 Ra4 38. Re3 Rb4 39. Kf3 Ra4 40. Re4 Ra2 41. Kg4 Rxf2 42. Re6+ Kf7 43. Re5 1-0


[Site "https://www.chess.com"]

[Event "Titled Tuesday Blitz June 13 Late 2023"]
[White "Eljanov, Pavel"]
[Black "Demidov, Mikhail"]
[WhiteFideId "14102951"]
[BlackFideId "4197143"]
[WhiteElo "2598"]
[BlackElo "2500"]
[Result "0-1"]
[Round "11"]
[TimeControl "180+2"]
[Date "2023.06.13"]
[WhiteClock "0:00:00"]
[BlackClock "0:00:11"]
[Board "8"]

1. d4 g6 2. c4 Bg7 3. e4 Nc6 4. Nf3 e5 5. dxe5 Nxe5 6. Nxe5 Bxe5 7. Bd3 d6 8. O-O Ne7 9. Nc3 O-O 10. Bh6 Bg7 11. Bxg7 Kxg7 12. Qd2 Nc6 13. f4 f6 14. Kh1 Be6 15. Nd5 Qd7 16. Qc3 Rae8 17. b4 Nd8 18. Rae1 c6 19. Ne3 Qc7 20. Rf3 Bc8 21. a4 a5 22. bxa5 Ne6 23. Bc2 Bd7 24. f5 Ng5 25. Rf4 d5 26. Ref1 Nxe4 27. Bxe4 Rxe4 28. Rxe4 dxe4 29. fxg6 hxg6 30. Qd4 Bc8 31. Qxe4 Qxa5 32. Qd4 Qxa4 33. h3 Qa5 34. c5 Qd8 35. Qc3 Qe7 36. Qd2 Rd8 37. Qc3 Rf8 38. Qd4 Qe5 39. Qxe5 fxe5 40. Rd1 Rf2 41. Nc4 Be6 42. Nxe5 Bd5 43. Rg1 Rc2 44. Nd7 Be6 45. Re1 Bd5 46. Rg1 Kh6 47. Kh2 Be6 48. Nf8 Bf5 0-1


[Site "https://www.chess.com"]

[Event "Titled Tuesday Blitz June 13 Late 2023"]
[White "Vazquez, Guillermo"]
[Black "Chigaev, Maksim"]
[WhiteFideId "3702308"]
[BlackFideId "4108116"]
[WhiteElo "2543"]
[BlackElo "2561"]
[Result "1/2-1/2"]
[Round "11"]
[TimeControl "180+2"]
[Date "2023.06.13"]
[WhiteClock "0:00:11"]
[BlackClock "0:00:03"]
[Board "9"]

1. b3 d5 2. Bb2 Nf6 3. Nf3 c5 4. e3 g6 5. Bb5+ Bd7 6. Bxf6 exf6 7. Bxd7+ Qxd7 8. d4 Nc6 9. O-O f5 10. Nc3 cxd4 11. Nxd4 Bg7 12. Nce2 O-O 13. Qd2 Rfd8 14. Rfd1 Rac8 15. c3 h5 16. h3 Ne5 17. Rac1 h4 18. Nf4 a5 19. Nde2 Rc5 20. Nd3 Nxd3 21. Qxd3 Be5 22. Rc2 Qe7 23. c4 Bc7 24. cxd5 Rdxd5 25. Qxd5 Rxc2 26. Rd2 Rxd2 27. Qxd2 Qe5 28. f4 Qe6 29. Nd4 Qe4 30. Kf2 Bb6 31. Ne2 Bc5 32. Qd8+ Kg7 33. Nd4 b6 34. a4 Qb1 35. Qd7 Qa2+ 36. Kf3 Bxd4 37. Qxd4+ Kh7 38. Qc4 Kg7 39. Qc3+ Kh7 40. Qc4 Kg7 41. Qd4+ Kh7 42. Qxb6 Qb1 43. Qb5 Qd1+ 44. Kf2 Qd2+ 45. Qe2 Qc3 46. Qc4 Qd2+ 47. Qe2 Qc3 48. Qd1 Kg8 49. Qd8+ Kh7 50. Qxh4+ Kg7 51. Qd8 Qb2+ 52. Kf3 Qxb3 53. Qd4+ Kg8 54. g4 fxg4+ 55. hxg4 Qc2 56. g5 Qc1 57. Ke2 Qc2+ 58. Ke1 Qc1+ 59. Ke2 Qc2+ 60. Kf3 Qc1 61. Qd8+ Kg7 62. Qf6+ Kg8 63. Qd4 Qc6+ 64. e4 Qc8 65. Kf2 Qc2+ 66. Kf3 Qb3+ 67. Kg4 Kh7 68. f5 Qc2 69. Kf4 Qc1+ 70. Kg4 Qc8 71. Qf6 Qc4 72. Kf4 Qc1+ 73. Kg4 Qg1+ 74. Kf3 Qf1+ 75. Ke3 Qe1+ 76. Kd3 Qd1+ 77. Kc4 Qxa4+ 78. Kd3 Qb3+ 79. Ke2 Qc4+ 80. Ke3 Qc1+ 81. Kf3 Qf1+ 82. Kg3 Qg1+ 83. Kf3 Qf1+ 84. Kg3 Qe1+ 85. Kf3 Qf1+ 1/2-1/2


[Site "https://www.chess.com"]

[Event "Titled Tuesday Blitz June 13 Late 2023"]
[White "Tanenbaum, Zachary"]
[Black "Kovalev, Vladislav"]
[WhiteFideId "2060850"]
[BlackFideId "13504398"]
[WhiteElo "2207"]
[BlackElo "2555"]
[Result "1/2-1/2"]
[Round "11"]
[TimeControl "180+2"]
[Date "2023.06.13"]
[WhiteClock "0:00:04"]
[BlackClock "0:00:05"]
[Board "10"]

1. e4 e5 2. Nf3 Nc6 3. Bc4 Nf6 4. d3 Be7 5. O-O d6 6. a4 O-O 7. Nc3 Kh8 8. h3 Ng8 9. Nd5 f5 10. c3 Nf6 11. Re1 Nxd5 12. Bxd5 Bf6 13. b4 Ne7 14. Bb3 Qe8 15. d4 f4 16. dxe5 dxe5 17. b5 g5 18. Nh2 h5 19. Ba3 Qg6 20. Nf3 Qg7 21. Nxe5 Bxe5 22. Qxh5+ Qh7 23. Qxh7+ Kxh7 24. Bxe7 Re8 25. Bxg5 Kg6 26. h4 Bxc3 27. Bxf4 Bxa1 28. Rxa1 Be6 29. Bxe6 Rxe6 30. f3 c6 31. Kf2 cxb5 32. axb5 a5 33. g4 a4 34. h5+ Kg7 35. Ra3 Rb6 36. Be5+ Kh6 37. Rd3 Rxb5 38. Rd6+ Kh7 39. Rd7+ Kg8 40. Bf6 Ra6 41. g5 Rxf6 42. gxf6 Rxh5 43. f4 Rb5 44. e5 Rb6 45. f5 Rb5 46. Re7 a3 47. Re8+ Kf7 48. Re7+ Kf8 49. Rh7 a2 50. Rh8+ Kf7 51. Ra8 Rxe5 52. Rxa2 Rxf5+ 53. Ke3 Re5+ 54. Kd4 Rb5 55. Rf2 Rb1 56. Kc5 b5 57. Rf4 b4 58. Rxb4 Rc1+ 59. Rc4 Rxc4+ 60. Kxc4 Kxf6 1/2-1/2


[Site "https://www.chess.com"]